 Dungeon Crawl Stone Soup version 0.19-a0-706-g03de5d9 (webtiles) character file.

2197 4thArraOfDagon the Cleaver (level 9, -13/79 HPs)
             Began as a Minotaur Chaos Knight on June 19, 2016.
             Was the Champion of Uskayaw.
             Mangled by Erolcha
             ... wielding a +0 giant club
              (18 damage)
             ... while paralysed by something
             ... on level 8 of the Dungeon.
             The game lasted 00:13:33 (2089 turns).

4thArraOfDagon the Cleaver (Minotaur Chaos Knight)  Turns: 2089, Time: 00:13:34

Health: -13/79     AC: 13    Str: 17    XL:     9   Next: 12%
Magic:  6/9        EV:  2    Int: 12    God:    Uskayaw [******]
Gold:   193        SH:  0    Dex: 12    Spells: 0 memorised, 8 levels left

rFire  . . .     SeeInvis .     A - +2 broad axe (vamp)
rCold  + . .     Gourm    .     n - +0 chain mail
rNeg   . . .     Faith    .     (no shield)
rPois  .         Spirit   .     (helmet restricted)
rElec  .         Dismiss  .     (no cloak)
rCorr  .         Reflect  .     x - +0 pair of gloves
SustAt .         Harm     .     d - +0 pair of boots
MR     .....     Clarity  +     (no amulet)
Stlth  ..........               v - ring of protection from cold
                                w - +1 ring of protection

@: paralysed, lethally poisoned (-13 -> -15), very slightly contaminated,
invisible (expiring), not resistant to hostile enchantments, extremely
unstealthy
A: retaliatory headbutt, hooves 1, horns 2, agile 1, blurry vision 1, clarity,
low mp 1, wild magic 1
a: Stomp, Line Pass, Grand Finale, Renounce Religion


You were on level 8 of the Dungeon.
You worshipped Uskayaw.
Uskayaw was exalted by your worship.
You were hungry.

You visited 1 branch of the dungeon, and saw 8 of its levels.

You collected 297 gold pieces.
You spent 104 gold pieces at shops.

Inventory:

Hand Weapons
 a - a +0 hand axe of chaos
 p - a +0 blowgun
 A - a +2 vampiric broad axe (weapon)
Armour
 b - a +2 leather armour
 d - a +0 pair of boots (worn)
 n - a +0 chain mail (worn)
 x - a +0 pair of gloves (worn)
Jewellery
 r - a +2 ring of intelligence
 v - a ring of protection from cold (right hand)
 w - a +1 ring of protection (left hand)
Scrolls
 g - 2 scrolls of teleportation
 h - a scroll of immolation
 k - a scroll of enchant weapon {unknown}
 l - a scroll of fear {unknown}
 o - a scroll of amnesia {unknown}
 q - a scroll of enchant armour {unknown}
 y - a scroll of recharging {unknown}
 B - a scroll of identify
 D - a scroll of remove curse {unknown}
Potions
 c - a potion of resistance
 e - a potion of invisibility
 i - 3 potions of heal wounds
 j - a potion of cancellation
 s - 2 potions of agility
 u - a potion of flight
Books
 C - a book of Clouds

   Spells                             Type                      Level
   a - Mephitic Cloud                 Conjuration/Poison/Air       3
   b - Conjure Flame                  Conjuration/Fire             3
   c - Poisonous Cloud                Conjuration/Poison/Air       6
   d - Freezing Cloud                 Conjuration/Ice/Air          6
   e - Ring of Flames                 Charms/Fire                  7
Comestibles
 f - 2 meat rations
 m - a slice of pizza
 t - 3 fruits
 z - 2 chunks of flesh


   Skills:
 + Level 7.0 Fighting
 * Level 9.5 Axes
 + Level 6.3 Armour
 + Level 5.9 Dodging
 * Level 3.4 Invocations


You had 8 spell levels left.
You didn't know any spells.

Dungeon Overview and Level Annotations

Branches:
Dungeon (8/15)             Temple (0/1) D:6
   Lair: D:8-11

Altars:
Elyvilon
Okawaru
Uskayaw
Zin

Shops:
D:6 [([?

Annotations:
D:6 exclusion: downstairs
D:8 Erolcha, Grum


Innate Abilities, Weirdness & Mutations

You reflexively headbutt those who attack you in melee.
You have a pair of horns on your head.
You have large cloven feet.
You are agile. (Dex +2)
Scrolls take you a little longer to read.
You possess an exceptional clarity of mind.
Your magical capacity is low. (-10% MP)
Your spells are a little harder to cast, but a little more powerful.


Message History

Your base attributes are Str 17, Int 11, Dex 10.
Increase (S)trength, (I)ntelligence, or (D)exterity?
You feel clever.
You feel a bit more experienced.
You slash the wolf!
You kill the wolf!
You feel sick.
You hear some strange, mumbled words.
Deactivating autopickup; reactivate with Ctrl-A.
You suddenly lose the ability to move!
Grum barely misses you.
You feel sick.
Grum lets out an intimidating howl.
The orc hits you but does no damage.
You flicker for a moment.
Something hits you.
* * * LOW HITPOINT WARNING * * *
Grum barely misses you. The orc hits you but does no damage.
Grum hits you but does no damage. The orc hits you but does no damage.
Something hits you!!
You die...
Xom titters!

.... #
......# ##..
... ... ...#
.... #.##
...
.....#..####
###
.....##(...#
#
.....<.....#
###.#
......†.†###
....#
.......@)#
...#..
##....†)o..#
.#h...
......g(.###
......
.........#
.###hh
.........#
.#
...#.....#
.#
#........#
##
###......#


You could see Grum and an orc.

Vanquished Creatures
  Psyche (D:8)
  Sigmund (D:6)
  2 sky beasts
  A phantom (D:5)
  4 wolves (D:8)
  2 centaurs
  2 crocodiles
  A giant frog (D:6)
  A scorpion (D:8)
  6 killer bees (D:8)
  A crimson imp (D:8)
  An orc priest (D:5)
  A giant frog zombie (D:5)
  A hound (D:5)
  2 jellies
  2 worker ants (D:4)
  2 worker ant zombies
  An adder (D:4)
  A shadow imp (D:6)
  A worm (D:4)
  3 dart slugs
  11 orcs
  7 giant cockroaches
  5 goblins
  3 hobgoblins
  6 jackals
  3 quokkas
  A ball python zombie (D:5)
  3 bats (D:1)
  A giant cockroach zombie (D:6)
  A giant gecko skeleton (D:6)
  A giant newt (D:3)
  2 jackal skeletons
  A jackal zombie (D:5)
  4 kobolds
  A quokka skeleton (D:5)
  A quokka zombie (D:5)
  2 rats (D:1)
90 creatures vanquished.

Vanquished Creatures (collateral kills)
  The ghost of Xiguana the Ruffian, an amateur VSMo (D:4)
  A worker ant (D:4)
  An orc (D:4)
3 creatures vanquished.

Grand Total: 93 creatures vanquished

Notes
Turn   | Place    | Note
--------------------------------------------------------------
     0 | D:1      | 4thArraOfDagon the Minotaur Chaos Knight began the quest for the Orb.
     0 | D:1      | Reached XP level 1. HP: 19/19 MP: 0/0
   127 | D:2      | XOM: butterfly on damage
   144 | D:1      | Reached skill level 4 in Axes
   155 | D:1      | Reached XP level 2. HP: 19/27 MP: 1/1
   326 | D:2      | XOM: noise
   381 | D:3      | XOM: divination: magic mapping
   479 | D:3      | Found an iron altar of Okawaru.
   533 | D:4      | XOM: noise
   535 | D:4      | XOM: confuse monster(s)
   536 | D:4      | XOM: summons 2 friendly demons
   539 | D:4      | Reached XP level 3. HP: 33/33 MP: 2/2
   603 | D:4      | Noticed Xiguana's ghost (amateur VSMo)
   663 | D:4      | XOM: enchant monster (good)
   669 | D:4      | Reached XP level 4. HP: 31/40 MP: 3/3
   720 | D:4      | Found a white marble altar of Elyvilon.
   739 | D:4      | Reached skill level 5 in Axes
   778 | D:4      | XOM: summons friendly iron imp
   793 | D:4      | XOM: cast spell 'Call Canine Familiar'
   804 | D:4      | Killed Xiguana's ghost
   804 | D:4      | Reached XP level 5. HP: 13/47 MP: 4/4
   843 | D:5      | Entered Level 5 of the Dungeon
   846 | D:5      | XOM: harmless Hex miscast
   892 | D:5      | XOM: enchant monster (good)
   982 | D:5      | Reached XP level 6. HP: 41/55 MP: 5/5
  1031 | D:4      | Reached skill level 6 in Axes
  1108 | D:5      | Noticed a sky beast
  1150 | D:5      | Killed a sky beast
  1150 | D:5      | Reached skill level 5 in Fighting
  1154 | D:5      | Gained mutation: You possess an exceptional clarity of mind. [mutagenic meat]
  1155 | D:5      | Gained mutation: You are agile. (Dex +2) [mutagenic meat]
  1157 | D:5      | Gained mutation: Your magical capacity is low. (-10% MP) [mutagenic meat]
  1158 | D:5      | Gained mutation: Scrolls take you a little longer to read. [mutagenic meat]
  1159 | D:5      | Gained mutation: Your spells are a little harder to cast, but a little more powerful. [mutagenic meat]
  1204 | D:5      | Found a hide-covered altar of Uskayaw.
  1206 | D:5      | Found a glowing silver altar of Zin.
  1275 | D:5      | Fell from the grace of Xom
  1275 | D:5      | Became a worshipper of Uskayaw the Reveler
  1354 | D:5      | Reached * piety under Uskayaw
  1397 | D:5      | XOM: medium Pois miscast
  1421 | D:6      | Found Heecul's Magic Scroll Shop.
  1501 | D:6      | Found Posoah's Antique Armour Shop.
  1531 | D:6      | Found Ponag's Antique Weapon Shop.
  1534 | D:6      | Bought a glowing broad axe for 104 gold pieces
  1542 | D:6      | XOM: mild Tmut miscast
  1559 | D:6      | Noticed Sigmund
  1561 | D:6      | Reached XP level 7. HP: 59/61 MP: 5/5
  1571 | D:6      | Reached ** piety under Uskayaw
  1572 | D:6      | Reached *** piety under Uskayaw
  1575 | D:6      | Killed Sigmund
  1575 | D:6      | Reached skill level 7 in Axes
  1584 | D:6      | Found Fiepan's Armour Shop.
  1616 | D:6      | Found a staircase to the Ecumenical Temple.
  1656 | D:7      | Noticed a gargoyle
  1729 | D:7      | Noticed a hippogriff
  1784 | D:6      | jacquesderrida: reeeeee
  1801 | D:6      | jacquesderrida: It da gin
  1857 | D:6      | namelastname112: you are back
  1857 | D:6      | 4thArraOfDagon: hi
  1900 | D:7      | Reached skill level 5 in Armour
  1953 | D:7      | jacquesderrida: NAMIR
  1966 | D:7      | jacquesderrida: Welcome to dagin
  1989 | D:8      | Reached skill level 8 in Axes
  1989 | D:8      | Reached XP level 8. HP: 70/70 MP: 6/6
  2021 | D:8      | Reached skill level 5 in Dodging
  2028 | D:8      | Gained mutation: You have large cloven feet. [mutagenic meat]
  2072 | D:8      | Noticed Grum
  2073 | D:8      | Noticed Psyche
  2073 | D:8      | Reached skill level 1 in Invocations
  2073 | D:8      | Reached **** piety under Uskayaw
  2074 | D:8      | Reached ***** piety under Uskayaw
  2075 | D:8      | Reached skill level 9 in Axes
  2079 | D:8      | Reached ****** piety under Uskayaw
  2080 | D:8      | Noticed Erolcha
  2086 | D:8      | Killed Psyche
  2086 | D:8      | Reached XP level 9. HP: 11/79 MP: 6/9
  2086 | D:8      | Paralysed by something for 7 turns
  2089 | D:8      | Mangled by Erolcha

Vault maps used:
D:1:      minmay_arrival_four_houses
D:2:      grunt_pakellas_mercury, uniq_robin, uniq_jessica
D:3:      nicolae_overflow_hidden_temple, overflow_temple_1_default,
          led_sif_pool, tso_altar, first_bread, uniq_iyjb
D:4:      lemuel_round_altar, kennysheep_generic_room_4
D:5:      minitemple
D:6:      minmay_temple_entry_trees, serial_shops, shop, shop,
          nicolae_shop_window_shopping, kennysheep_mini, due_unseen_surprise,
          uniq_sigmund
D:8:      tgw_fedhas, uniq_joseph, uniq_erolcha, uniq_psyche, uniq_grum

Skill      XL: |  1  2  3  4  5  6  7  8 |
---------------+-------------------------+-----
Axes           | 4 5 6 8 9 |  9.5
Dodging        | 2 3 4 5 |  5.9
Fighting       | 4 5 6 7 |  7.0
Armour         | 3 4 5 6 |  6.3
Invocations    | 3 |  3.4

Action                   |  1- 3 |  4- 6 |  7- 9 || total
-------------------------+-------+-------+-------++-------
Melee: Hand axe          |    68 |   128 |       ||   196
       Headbutt          |    10 |    16 |    12 ||    38
       Broad axe         |       |     7 |    78 ||    85
  Use: Scroll            |       |     3 |     4 ||     7
       Potion            |       |     1 |     1 ||     2
 Stab: Confused          |     1 |       |       ||     1
       Paralysed         |     6 |     4 |     5 ||    15
       Invisible         |       |       |     8 ||     8
  Eat: Chunk             |       |     8 |     5 ||    13
       Bread ration      |       |     1 |       ||     1
       Fruit             |       |     1 |       ||     1
Armor: Leather armour    |    21 |       |       ||    21
       Chain mail        |     5 |    83 |    68 ||   156
Dodge: Dodged            |    35 |    42 |    58 ||   135
